 Dungeon Crawl Stone Soup version 0.28.0-53-g5a82cb258f (webtiles) character file.

Game seed: 8391622440778511186

562 safid the Cleaver (level 7, -10/59 HPs)
             Began as a Hill Orc Fighter on Aug 7, 2022.
             Mangled by Duvessa
             ... wielding a +0 rapier
              (20 damage)
             ... on level 5 of the Dungeon.
             The game lasted 00:04:12 (4603 turns).

safid the Cleaver (Hill Orc Fighter)                Turns: 4603, Time: 00:04:13

Health: -10/59     AC:  8    Str: 21    XL:     7   Next: 31%
Magic:  7/7        EV:  9    Int:  8    God:
Gold:   191        SH:  4    Dex: 10    Spells: 6/6 levels left

rFire   + . .      SeeInvis .   a - +0 war axe
rCold   . . .      Faith    .   c - +0 buckler
rNeg    . . .      Spirit   .   k - +1 scale mail {rF+}
rPois   .          Reflect  .   (no helmet)
rElec   .          Harm     .   (no cloak)
rCorr   .          Rampage  .   (no gloves)
Will    .....                   (no boots)
Stlth   ..........              (no amulet)
HPRegen 0.19/turn               (no ring)
MPRegen 0.10/turn               (no ring)

@: no status effects
A: no striking features
a: no special abilities


You were on level 5 of the Dungeon.
You visited 1 branch of the dungeon, and saw 5 of its levels.
You also visited: Sewer.

You collected 191 gold pieces.

Inventory:

Hand Weapons
 a - a +0 war axe (weapon)
Missiles
 y - 3 poisoned darts (quivered)
Armour
 c - a +0 buckler (worn)
 k - a +1 scale mail of fire resistance (worn)
Jewellery
 x - a ring of magical power
Scrolls
 b - a scroll of fog {unknown}
 e - a scroll of holy word {unknown}
 f - 2 scrolls of torment {unknown}
 g - 6 scrolls of identify {unknown}
 o - 5 scrolls of enchant weapon {unknown}
 p - a scroll of noise {unknown}
 q - a scroll of teleportation {unknown}
 r - a scroll of vulnerability {unknown}
 t - a scroll of summoning {unknown}
Potions
 d - a potion of might
 h - a potion of degeneration {unknown}
 i - a potion of resistance
 j - 3 potions of cancellation {unknown}
 l - a potion of lignification {unknown}
 m - 3 potions of heal wounds {unknown}
 n - 3 potions of curing
 s - a potion of haste {unknown}
 u - a potion of ambrosia {unknown}
 v - 2 potions of magic {unknown}
 w - 2 potions of flight {unknown}


   Skills:
 - Level 4.0 Fighting
 + Level 9.4 Axes
 - Level 4.0 Armour
 - Level 4.0 Shields


You had 6 spell levels left.
You didn't know any spells.
Your spell library contained the following spells:

 Spells                   Type           Power      Damage    Failure   Level
 Foxfire                  Conj/Fire      0%         2x1d4     83%         1
 Conjure Flame            Conj/Fire      0%         6-21      99%         3
 Inner Flame              Hex/Fire       0%         N/A       99%         3
 Flame Wave               Conj/Fire      0%         2d4       100%        4


Dungeon Overview and Level Annotations

Branches:
Dungeon (5/15)              Sewer (visited)
 Temple: D:4-7

Altars:
Makhleb

Annotations:
D:4 2 transporters
D:5 Duvessa


Message History

You are too injured to fight recklessly!
You are too injured to fight recklessly!
You are too injured to fight recklessly!
You are too injured to fight recklessly!
You are too injured to fight recklessly!
You are too injured to fight recklessly!
You are too injured to fight recklessly!
You are too injured to fight recklessly!
You are too injured to fight recklessly!
You are too injured to fight recklessly!
You are too injured to fight recklessly!
You are too injured to fight recklessly!
You are too injured to fight recklessly!
You are too injured to fight recklessly!
You are too injured to fight recklessly!
Unknown command.
You barely miss Duvessa.
Duvessa is severely wounded.
Duvessa barely misses you. You block Duvessa's attack.
You hit Duvessa.
Duvessa is severely wounded.
You block Duvessa's attack. Duvessa barely misses you.
You barely miss Duvessa.
Duvessa is severely wounded.
Duvessa hits you but does no damage.
You slash Duvessa!
Duvessa is severely wounded.
Duvessa hits you with a +0 rapier!
* * * LOW HITPOINT WARNING * * *
You block Duvessa's attack.
You closely miss Duvessa.
Duvessa is severely wounded.
Duvessa hits you with a +0 rapier.
* * * LOW HITPOINT WARNING * * *
Unknown command.
Okay, then.
You slash Duvessa!
Duvessa is almost dead.
Duvessa hits you with a +0 rapier!!
You die...

#.... #'#######
.##....########........
>............#.........
.............#<..(.....
.............#.........
.............'.........
.########...###....##.#
##...###...###....####
#.!.e@................
#...)#................
#....#................
##...###...##.##..##.#
#... ##...##.##..####
.... #...............
..... #...............
...... +...............
#....†..........


You could see Duvessa (berserk, fast).

Vanquished Creatures
  An ogre (D:5)
  A water moccasin skeleton (D:5)
  Dowan (D:5)
  A bullfrog zombie (D:5)
  2 hounds (D:4)
  2 iguanas (D:5)
  2 orc wizards (D:4)
  A howler monkey skeleton (D:4)
  7 adders
  4 worms
  2 dart slugs (D:4)
  3 orcs (D:4)
  12 endoplasms
  8 giant cockroaches
  5 goblins
  8 hobgoblins
  7 jackals
  9 kobolds
  3 quokkas
  7 ball pythons
  7 bats
  2 frilled lizards
  6 rats
101 creatures vanquished.

Notes
Turn   | Place    | Note
-------+----------+-------------------------------------------
     0 | D:1      | safid the Hill Orc Fighter began the quest for the Orb.
     0 | D:1      | Reached XP level 1. HP: 19/19 MP: 1/1
   256 | D:1      | Reached XP level 2. HP: 27/27 MP: 2/2
   325 | D:1      | Reached skill level 3 in Axes
   656 | D:1      | Found a faded altar of an unknown god.
   721 | D:1      | Reached XP level 3. HP: 33/33 MP: 3/3
  1182 | D:2      | Reached XP level 4. HP: 40/40 MP: 4/4
  1371 | D:2      | Reached skill level 4 in Axes
  2120 | D:3      | Found a glowing drain.
  2146 | Sewer    | Entered a sewer
  2196 | Sewer    | Reached skill level 5 in Axes
  2204 | Sewer    | Reached XP level 5. HP: 27/46 MP: 5/5
  3114 | D:4      | Found a transporter.
  3147 | D:4      | Found a burning altar of Makhleb.
  3451 | D:4      | Reached skill level 6 in Axes
  3489 | D:4      | Reached XP level 6. HP: 19/52 MP: 6/6
  3709 | D:4      | Found a transporter.
  3718 | D:4      | Noticed an ice beast
  3718 | D:4      | Noticed an ice beast
  3765 | D:4      | Reached skill level 7 in Axes
  4305 | D:5      | Entered Level 5 of the Dungeon
  4318 | D:5      | Reached skill level 8 in Axes
  4318 | D:5      | Reached XP level 7. HP: 33/59 MP: 7/7
  4546 | D:5      | Reached skill level 9 in Axes
  4590 | D:5      | Noticed Duvessa
  4590 | D:5      | Noticed Dowan
  4594 | D:5      | Killed Dowan
  4603 | D:5      | Mangled by Duvessa

Illustrated notes

Levels and vault maps discovered:
D:1:      minmay_arrival_nine_rooms, layout_loops_cross,
          ebering_ecumenical_altar_abandoned
D:2:      layout_basic, serial_bayou_ford_a
D:3:      minmay_door_path, layout_basic, portal_sewer_entry_f
D:4:      gammafunk_cloud_chamber, layout_loops_corners,
          overflow_temple_1_default
D:5:      layout_gridville, ashenzari_conservatory_becter, uniq_duvessa,
          uniq_sigmund, uniq_crazy_yiuf_cottage

Skill      XL: |  1  2  3  4  5  6  7 |
---------------+----------------------+-----
Axes           | 3 5 6 8 9 |  9.4
Fighting       | 4 |  4.0
Shields        | 4 |  4.0
Armour         | 4 |  4.0

Action                   |  1- 3 |  4- 6 |  7- 9 || total
-------------------------+-------+-------+-------++-------
Melee: War axe           |    96 |   258 |    23 ||   377
  Use: Potion            |       |     1 |       ||     1
Armor: Scale mail        |    75 |   100 |     3 ||   178
Dodge: Dodged            |    63 |   105 |    10 ||   178
Block: Buckler           |    26 |    53 |     7 ||    86
